[Event "37th ECCC 2022"]
[Site "Mayrhofen"]
[Date "2022.10.04"]
[Round "2.60"]
[White "Bjugn, Gisle"]
[Black "Bjorgvinsson, Andri Freyr"]
[Result "0-1"]
[ECO "A45"]
[WhiteElo "1866"]
[BlackElo "2119"]
[Annotator "TA"]
[PlyCount "80"]
[EventDate "2022.10.03"]
[EventType "team-tourn"]
[EventCountry "AUT"]
[SourceTitle "playchess.com"]
[Source "ChessBase"]
[SourceQuality "1"]
[TimeControl "40/5400+30:1800+30"]

1. d4 Nf6 2. Bf4 d5 3. e3 c5 4. c3 Qb6 5. Qb3 c4 6. Qc2 {[%emt 0:03:54] D00: 1 d4 d5: Unusual lines.} Nc6 7. b3 cxb3 8. axb3 {[%emt 0:00:25] White has an edge.} Nh5 {[%emt 0:01:42] [#]} 9. Bg5 $146 ({Predecessor:} 9. Ne2 e6 10. Nd2 Bd7 11. Bg5 h6 12. Bh4 g5 13. Bg3 Rc8 14. h4 Bg7 15. Bh2 g4 16. Qb2 O-O 17. Qa3 a5 18. e4 {1-0 (18) Panarello,G (2040)-Sossai,S (2063) ICCF email 2016}) 9... h6 10. Bh4 g5 11. Be2 Nf6 12. Bg3 Ne4 13. Nf3 (13. Nd2 $14) 13... Bf5 $15 14. Qb2 (14. Bd3 $1 $11 {keeps the balance.}) 14... h5 $1 $17 {[%emt 0:02:33] And now ...h4 would win. Black is more active.} 15. h3 Nxg3 16. fxg3 Qc7 17. Kf2 e6 $1 (17... h4 18. g4 Qg3+ 19. Kg1 $11) 18. Nbd2 {[%emt 0:03:35] [#]} Bd6 $1 ({But not} 18... h4 $6 19. g4 Bh7 20. Rhc1 $11) 19. Nf1 Rg8 ({Black should play} 19... f6 20. c4 Bb4) 20. c4 h4 21. g4 Be4 22. N3d2 Bg3+ {[%emt 0:00:22] A strong pair of Bishops.} (22... Bh7 $17) 23. Kg1 $11 Bh7 24. Bf3 (24. b4 $5 ) 24... Nb4 $36 {[%emt 0:01:49][%mdl 2048] Black has some pressure.} 25. Nxg3 Qxg3 ({Don't take} 25... Nd3 26. Qa3 hxg3 27. cxd5 $14) 26. Nf1 Qc7 27. cxd5 (27. g3 $11) 27... exd5 $15 28. Rc1 Qe7 ({Black should try} 28... Qd6 $17 {Strongly threatening ...Nd3.} 29. Qa3 Ke7) 29. Qd2 {[%emt 0:05:03] [#]} (29. Rc5 $1 $15) 29... b6 $1 $17 30. Qc3 (30. Be2 $142) 30... Rg6 {[%emt 0:03:24] Hoping for ...Rc6.} 31. Be2 $2 {[%emt 0:05:50][%mdl 8192] This costs White the game.} (31. Qc7 $17 {is a better chance.}) 31... Na2 $1 $19 32. Qc7 ({Don't play} 32. Bb5+ Kf8 33. Qe1 Nxc1 34. Qxc1 Re6 $19) 32... Nxc1 33. Bb5+ Kf8 34. Qxc1 Re6 35. Kf2 Qf6+ 36. Ke2 (36. Kg1 $142) 36... Qxd4 37. Bc6 Qd3+ 38. Ke1 Rd8 (38... Rc8 $142 39. Qd2 Rexc6 40. Qxd3 Bxd3 41. Kf2 Rc1 42. e4 dxe4 43. Ne3 Rxh1 44. Nd5 Rc2+ 45. Ke3 Rxg2 46. Kd4 Rxh3 47. b4 Rf3 48. Ke5 h3 49. Kd6 e3 50. Ne7 Rf6+ 51. Kc7 Kxe7 52. Kc8 h2 53. Kc7 h1=Q 54. Kb8 Ra2 55. b5 Kd6 56. Kc8 Qa8#) 39. Bb7 d4 40. Bc8 Qc3+ {[%emt 0:02:11] Weighted Error Value: White=0.74/Black=0.21 (precise)} 0-1

[Event "37th ECCC 2022"]
[Site "Mayrhofen"]
[Date "2022.10.04"]
[Round "2.61"]
[White "Pechac, Jergus"]
[Black "Pallardo Lozoya, Jose Vicente"]
[Result "1-0"]
[ECO "A20"]
[WhiteElo "2633"]
[BlackElo "2355"]
[Annotator "TA"]
[PlyCount "67"]
[EventDate "2022.10.03"]
[EventType "team-tourn"]
[EventCountry "AUT"]
[SourceTitle "playchess.com"]
[Source "ChessBase"]
[SourceQuality "1"]
[TimeControl "40/5400+30:1800+30"]

1. c4 e5 2. Nf3 e4 3. Nd4 c6 4. d3 Nf6 5. Nc3 Bb4 6. Qb3 {[%emt 0:02:25] A20: English Opening: 1...e5.} Na6 {[%emt 0:22:16] [#]} 7. a3 $146 ({Predecessor:} 7. Bd2 exd3 8. exd3 O-O 9. O-O-O Bc5 10. Be3 Ng4 11. Ne4 Nxe3 12. fxe3 Bb6 13. Nc2 {0-1 (45) Melaugh,S (2161)-Delaney,K (2314) Dublin 2020}) 7... Ba5 8. Bg5 {[%emt 0:00:36] Black has an edge.} O-O (8... exd3 $1 $15 9. exd3 O-O) 9. O-O-O (9. e3 $11) 9... Nc5 (9... exd3 $15 10. exd3 d5) 10. Qc2 $11 exd3 11. exd3 Ne6 (11... Bxc3 $5 12. Qxc3 d6 $11) 12. Nxe6 fxe6 13. Ne4 d5 14. Nxf6+ gxf6 15. Bh6 Rf7 16. g4 b5 17. Rg1 {[%emt 0:04:57] Black must now prevent g5.} Rb8 {[%emt 0:04:58] Black is now going downhill.} (17... e5 $14) 18. g5 $16 Kh8 19. g6 $36 {[%emt 0:05:23][%mdl 2048] White is on the roll.} hxg6 20. Rxg6 {aiming for Qe2.} Kh7 $2 (20... e5 $16 {keeps fighting.}) 21. d4 $18 {[%emt 0:02:13] White threatens Rg7+ and mate.} f5 22. Bg5 Kxg6 23. Bxd8 {[%emt 0:00:11] Dancing on a razor blade.} Bxd8 24. Qb3 {[%emt 0:02:56] Qg3+ is the strong threat.} Bc7 {[%emt 0:00:25] Against Qg3+} (24... Bg5+ $2 25. Kb1 Bf4 26. Qf3 $18) 25. cxd5 cxd5 26. Bxb5 Bxh2 (26... Kf6 27. Qh3 Rxb5) 27. Qh3 Rh7 {[%emt 0:00:06] [#]} 28. Rg1+ $3 Bxg1 29. Qg3+ Kf6 30. Qe5+ Kg5 {[%emt 0:00:49] [#]} 31. Qg3+ ({Less strong is} 31. Qxb8 Bh2 32. Qa8 (32. Qxc8 Rc7+ 33. Qxc7 Bxc7 $11) 32... Kf6 $16) (31. f4+ $1 Kg4 32. Qxb8 Be3+ 33. Kb1) 31... Kf6 32. Qxb8 {[%emt 0:00:14] White is clearly winning.} Bh2 33. f4 {[%emt 0:00:06] And now Qe5+ would win.} Bb7 34. Qf8+ {[%emt 0:00:12] Weighted Error Value: White=0.51/Black=0.39} 1-0

[Event "37th ECCC 2022"]
[Site "Mayrhofen"]
[Date "2022.10.04"]
[Round "2.62"]
[White "Macias Pino, Diego"]
[Black "Banusz, Tamas"]
[Result "0-1"]
[ECO "B31"]
[WhiteElo "2385"]
[BlackElo "2622"]
[Annotator "TA"]
[PlyCount "74"]
[EventDate "2022.10.03"]
[EventType "team-tourn"]
[EventCountry "AUT"]
[SourceTitle "playchess.com"]
[Source "ChessBase"]
[SourceQuality "1"]
[TimeControl "40/5400+30:1800+30"]

1. e4 c5 2. Nf3 Nc6 3. Bb5 g6 4. O-O Bg7 5. c3 Nf6 6. Re1 O-O 7. d4 d5 8. e5 Ne4 9. Bxc6 bxc6 10. Be3 {[%emt 0:00:03] is more profitable than 10.Nbd2 at the moment. B31: Sicilian: 2...Nc6 3 Bb5 g6.} Rb8 11. Qc1 cxd4 12. cxd4 {[%emt 0:01:08] The position is equal.} Bf5 13. Nbd2 Qd7 14. Nxe4 {[%emt 0:01:36] [#]} dxe4 $146 ({Predecessor:} 14... Bxe4 15. Nd2 f6 16. exf6 exf6 17. f3 Bf5 18. Nb3 Rfe8 19. Nc5 Qf7 20. Qc3 Bf8 {½-½ (30) Khegay,D (2530)-Schekachikhin,M (2424) Cheliabinsk 2022}) 15. Nd2 f6 16. Qc3 g5 (16... Rb5 $11) 17. Rac1 $14 Rfc8 18. Qa3 h6 19. exf6 exf6 20. Nb3 Bf8 21. Nc5 Qf7 22. b3 Bd6 (22... Be6 $15) 23. h3 (23. Qa6 $11) 23... Be6 $15 24. Qa4 ({White should play} 24. Qa6 $15 Bd5 25. Bd2) 24... Bd5 $17 25. Bd2 Re8 26. Na6 Rbc8 27. Nb4 Bxb4 28. Bxb4 Rcd8 {[%emt 0:04:06] Inhibits Bd6.} 29. Rc5 f5 30. Ra5 (30. Qa6 $17 {keeps fighting.}) 30... Rd7 31. Bc5 (31. Rc1 $17) 31... f4 $19 32. Bxa7 $2 {[%emt 0:04:48] [#]} (32. Rxa7 Rxa7 33. Qxa7) 32... e3 33. f3 h5 {[%emt 0:00:38][%cal Og5g4] And now ...g4! would win.} 34. Rf1 g4 {[%emt 0:00:42] aiming for ...e2.} 35. Kh2 e2 {[%emt 0:00:20][%mdl 64] [#] Deflection. Black mates.} 36. Re1 gxf3 37. gxf3 Qg7 {[%emt 0:00:18] Weighted Error Value: White=0.82/Black=0.09 (flawless)} 0-1

[Event "37th ECCC 2022"]
[Site "Mayrhofen"]
[Date "2022.10.04"]
[Round "2.63"]
[White "Michalik, Peter"]
[Black "Llobell Cortell, Enrique"]
[Result "1-0"]
[ECO "E04"]
[WhiteElo "2558"]
[BlackElo "2380"]
[Annotator "TA"]
[PlyCount "81"]
[EventDate "2022.10.03"]
[EventType "team-tourn"]
[EventCountry "AUT"]
[SourceTitle "playchess.com"]
[Source "ChessBase"]
[SourceQuality "1"]
[TimeControl "40/5400+30:1800+30"]

1. d4 Nf6 2. c4 e6 3. Nf3 d5 4. g3 dxc4 5. Bg2 b5 6. Ne5 Bb4+ {[%emt 0:09:16] E04: Open Catalan: 5 Nf3.} 7. Bd2 Bxd2+ 8. Qxd2 Nd5 {[%emt 0:02:23] White has an edge.} 9. a4 c6 10. axb5 cxb5 11. Nc3 f6 12. Ng4 {[%emt 0:01:08] Threatening Ne3.} Bb7 13. Nxb5 {[%emt 0:02:50] With the idea e4.} Qd7 $1 14. e4 $1 Qxb5 15. exd5 Bxd5 16. Ra5 {[%emt 0:01:37][%cal Ba1a5,Ba5d5,Bd5d6][%mdl 32] [#]} Qd7 $146 (16... Qb7 $1 $11 {keeps the balance.} 17. Bxd5 exd5) ({Predecessor:} 16... Qb7 17. Bxd5 exd5 18. Qe2+ Kf7 19. O-O Re8 20. Ne3 Nd7 21. Qh5+ Kg8 22. Qxd5+ Qxd5 23. Rxd5 {½-½ (31) Sos Andreu,E (2354)-Krysa,L (2516) Linares 2019}) 17. Bxd5 $16 exd5 18. Qe2+ Kf7 {[%emt 0:08:11] Threatens to win with ...Nc6.} 19. Ne3 {[%emt 0:01:40] White is much more active.} Re8 20. Qh5+ (20. Rxd5 $6 Qxd5 21. Nxd5 Rxe2+ 22. Kxe2 Nc6 $11) 20... Kg8 21. Rxd5 Qe6 {[%emt 0:21:52] [#]} 22. Rd6 $3 Qe4 23. O-O {[%emt 0:00:19] aiming for Re1.} Nc6 24. Qc5 $40 {[%emt 0:02:14][%mdl 128] White attacks with force.} ({Much worse is} 24. Nxc4 $6 Nxd4 25. Qd5+ Qxd5 26. Rxd5 Nf3+ 27. Kg2 Ne1+ 28. Kh3 Re2 $11) 24... Rac8 25. Qxc4+ Kh8 26. Qd5 {[%emt 0:02:59] Against Ne5} Qxd5 27. Rxd5 Nb4 28. Rd7 Red8 29. Rxa7 Rxd4 {[%emt 0:00:10] [#]} (29... Nc6 $16 30. Rb7 Nxd4) 30. Rxg7 $3 Kxg7 31. Nf5+ Kg6 (31... Kf7 $16 {keeps fighting.} 32. Nxd4 Rd8) 32. Nxd4 $18 {[%emt 0:00:10][%mdl 4096] Endgame KRN-KRN} Nd3 33. b3 {[%emt 0:01:07] Against Rc4} Rd8 34. Nc6 Rd6 35. Rd1 {[%emt 0:00:26] Hoping for Nb4.} Rxc6 36. Rxd3 {[%emt 0:00:05] KR-KR} Rc1+ (36... Rb6 $142 37. Rf3 Kg7) 37. Kg2 Rb1 38. Kf3 Rb2 39. Rc3 Kf5 40. Rc5+ Kg6 41. Rb5 {[%emt 0:30:05] Weighted Error Value: White=0.03 (flawless) /Black=0.18 (very precise)} 1-0

[Event "37th ECCC 2022"]
[Site "Mayrhofen"]
[Date "2022.10.04"]
[Round "2.64"]
[White "Vassallo Barroche, Mauricio"]
[Black "Prohaszka, Peter"]
[Result "1-0"]
[ECO "A06"]
[WhiteElo "2373"]
[BlackElo "2570"]
[Annotator "TA"]
[PlyCount "117"]
[EventDate "2022.10.03"]
[EventType "team-tourn"]
[EventCountry "AUT"]
[SourceTitle "playchess.com"]
[Source "ChessBase"]
[SourceQuality "1"]
[TimeControl "40/5400+30:1800+30"]

1. Nf3 d5 2. g3 Nd7 3. d4 Nb6 4. Bg2 Nf6 5. O-O Bf5 6. c3 {[%emt 0:01:43] D02: 1 d4 d5 2 Nf3 sidelines, including 2...Nf6 3 g3 and 2...Nf6 3 Bf4.} h6 7. Nbd2 (7. Ne5 {with more complications.} e6 8. f3 Bd6 9. e4) 7... e6 {[%emt 0:00:06] [#]} 8. a4 $146 {[%emt 0:06:02] The position is equal.} ({Predecessor:} 8. Re1 Bh7 9. Ne5 c5 10. a4 a5 11. Qb3 cxd4 12. Qb5+ Nbd7 13. cxd4 Bb4 14. Nd3 Bxd3 15. Qxd3 {0-1 (40) Triapishko,A (2510)-Kobo,O (2460) Chess.com INT 2021}) 8... a5 9. Ne5 Bd6 10. Nd3 O-O 11. Nf3 Nbd7 12. Bf4 Bxf4 13. gxf4 Qe7 14. Nde5 Be4 15. e3 Ra6 16. Ne1 Rb6 17. f3 Bh7 18. Rf2 c5 19. N1d3 ({White should play} 19. Bf1 $11) 19... Rc8 ({Better is} 19... c4 $15 20. Nxd7 Qxd7) 20. dxc5 Nxc5 21. Nxc5 Qxc5 22. Qd2 Rd6 23. Bf1 Nd7 24. Bb5 Nb6 25. Rd1 (25. Qe2 {keeps more tension.} Nc4 26. Re1 Rdd8 27. Rg2) 25... f6 26. Nd3 Qc7 27. Qe1 Nc4 28. Re2 Rdd8 29. Nf2 Kh8 30. Kh1 (30. Bxc4 $15 Qxc4 31. Rd4) 30... e5 31. Bxc4 dxc4 32. fxe5 $1 fxe5 {[%emt 0:00:20] And now ...Qf7 would win.} 33. Rxd8+ Rxd8 34. Rd2 Rf8 35. Qd1 Bg6 36. Rd7 Qc5 (36... Qc6 $15 37. Rd6 Qxf3+ 38. Qxf3 Rxf3 39. Rxg6 Rxf2) 37. Ng4 $1 $11 Bd3 38. e4 $1 ({Wrong is} 38. Rxb7 $2 Qc6 39. Rf7 Rxf7 $19) 38... h5 $2 {[%emt 0:00:37] This costs Black the game.} (38... Kh7 $11) 39. Rd5 $18 Qxd5 (39... Qb6 {was necessary.} 40. Nxe5 Kg8 41. Nxd3 cxd3 42. Qxd3 (42. Rxh5 Rd8 $16) 42... Qxb2 43. Rxh5 Qa1+ 44. Kg2 Qxa4 45. Qd5+ Rf7 46. Qxa5 Qc2+ 47. Kg3 Qb1 48. Qd8+ Rf8 49. Qd5+ Rf7 50. Qd8+ (50. Rf5 Qg1+ 51. Kh3 Qf1+ 52. Kg3 Qg1+ 53. Kh4 Qf2+ 54. Kh5 Qxh2+ 55. Kg4 Qg1+ 56. Kh3 Qh1+ 57. Kg4 Qg1+ 58. Kh5 g6+ 59. Kh6 gxf5 $11) 50... Rf8) 40. exd5 hxg4 41. fxg4 {[%emt 0:30:12][%mdl 4096] Endgame KQ-KRB} Kg8 {[%emt 0:19:32] [#] aiming for ...Rf1+.} (41... Rf1+ $2 {[#]} 42. Qxf1 $3 Bxf1 43. d6) 42. Qd2 Rd8 43. Qg5 Rxd5 44. h4 Kf7 (44... b5 $142 45. Qe7 Kh7) 45. Kg1 b5 46. axb5 (46. Qe3 $142) 46... Rxb5 47. Qd8 {[%emt 0:00:00] Threatens to win with Qd7+.} Rxb2 48. Qxa5 Re2 $2 (48... g6 49. Qxe5 Re2) 49. Qd5+ (49. h5 $142) 49... Kf6 $2 (49... Kg6 50. Qe6+ Kh7) 50. Qd6+ Kf7 51. g5 Re1+ 52. Kf2 Re2+ 53. Kf3 {[%emt 0:00:00][%cal Og5g6] Strongly threatening g6+!} e4+ 54. Kg3 {[%emt 0:00:00] Qd7+ would kill now.} Re3+ 55. Kg4 {[%emt 0:00:00] White threatens Qd7+ and mate.} Rf3 56. g6+ {[%emt 0:00:00] White mates.} Ke8 57. Qe6+ Kf8 58. Qd7 Kg8 59. Qd8+ $2 {[%emt 0:00:00] Weighted Error Value: White=0.24 (precise) /Black=0.45} (59. Qd5+ {mates} Kh8 60. Qd8+ Rf8 61. Qxf8#) 1-0

[Event "37th ECCC 2022"]
[Site "Mayrhofen"]
[Date "2022.10.04"]
[Round "2.65"]
[White "Czebe, Attila"]
[Black "Sos Andreu, Eric"]
[Result "1/2-1/2"]
[ECO "E10"]
[WhiteElo "2366"]
[BlackElo "2353"]
[Annotator "TA"]
[PlyCount "72"]
[EventDate "2022.10.03"]
[EventType "team-tourn"]
[EventCountry "AUT"]
[SourceTitle "playchess.com"]
[Source "ChessBase"]
[SourceQuality "1"]
[TimeControl "40/5400+30:1800+30"]

1. d4 Nf6 2. c4 e6 3. Nf3 c5 4. Nc3 cxd4 5. Nxd4 d5 6. cxd5 Nxd5 7. e4 Nxc3 {[%emt 0:03:00] A32: Symmetrical English: 2 Nf3 Nf6 3 d4 cxd4 4 Nxd4 e6.} 8. bxc3 Be7 9. Bb5+ Bd7 {[%emt 0:02:00] Black has an edge.} 10. O-O {[%emt 0:06:20] [#]} O-O $146 ({Predecessor:} 10... a6 11. Bd3 Qc7 12. Bb2 Nc6 13. Nxc6 Bxc6 14. c4 O-O-O 15. Qe2 e5 16. c5 f6 {0-1 (35) Klostermann,N (2130)-Schroeder,C (2237) Hamburg 2010}) 11. Rb1 Bxb5 12. Rxb5 Qc7 13. Qb3 ({White should try} 13. Qg4 $11) 13... b6 $1 $15 14. Ba3 Bxa3 15. Qxa3 Nc6 16. Nxc6 ({White should play} 16. Rbb1 $15) 16... Qxc6 $17 17. Rb4 Rfd8 18. h3 Rd7 19. Re1 Qc5 20. Qb2 (20. Ra4 $142) 20... Rad8 {[%emt 0:00:55] [#] White must now prevent ...Rd2.} 21. Rb5 Qc6 22. a4 Rd2 23. Qb4 h6 24. a5 Rd1 25. Rxd1 Rxd1+ {[%emt 0:00:04][%mdl 4096] Endgame KQR-KQR} 26. Kh2 Qc7+ (26... Rd2 $17 {And now ...Qc7+ would win.} 27. axb6 axb6) 27. e5 $11 Rd3 28. axb6 {[%emt 0:01:28] The position is equal.} axb6 29. f4 Qxc3 30. Rxb6 {[%emt 0:00:35] [#] Strongly threatening Rb8+.} Qxb4 31. Rxb4 {[%emt 0:00:03] KR-KR} Kh7 32. h4 h5 33. g3 Kg6 34. Rb7 Rd2+ 35. Kh3 Ra2 36. Rc7 Rb2 {[%emt 0:01:58] And White is the lucky defender.  Weighted Error Value: White=0.13 (very precise) /Black=0.13 (very precise)} 1/2-1/2

[Event "37th ECCC 2022"]
[Site "Mayrhofen"]
[Date "2022.10.04"]
[Round "2.66"]
[White "Torres Sanchez, Jose"]
[Black "Korpa, Bence"]
[Result "0-1"]
[ECO "A04"]
[WhiteElo "2239"]
[BlackElo "2496"]
[Annotator "TA"]
[PlyCount "42"]
[EventDate "2022.10.03"]
[EventType "team-tourn"]
[EventCountry "AUT"]
[SourceTitle "playchess.com"]
[Source "ChessBase"]
[SourceQuality "1"]
[TimeControl "40/5400+30:1800+30"]

1. Nf3 g6 2. g3 Bg7 3. Bg2 d5 4. d4 e6 5. Nc3 {[%emt 0:07:12] [#]} c5 $146 (5... Nf6 $11 {keeps the balance.}) ({Predecessor:} 5... Nc6 6. Bf4 a6 7. Qd2 h6 8. h4 Nge7 9. O-O-O b6 10. e4 Na5 11. exd5 exd5 12. Rde1 {1-0 (46) Javakhishvili,L (2463)-Melia,S (2404) Tbilisi 2018}) 6. dxc5 $16 {[%emt 0:03:25] D02: 1 d4 d5 2 Nf3 sidelines, including 2...Nf6 3 g3 and 2...Nf6 3 Bf4.} Na6 7. O-O {[%emt 0:00:55] Black must now prevent Nb5.} Nxc5 {[%emt 0:06:58] [#]} 8. Be3 (8. e4 $1 $16 ) 8... b6 $11 9. Bd4 Nf6 10. b4 Na6 11. e4 Nxb4 12. Rb1 Nc6 13. exd5 exd5 14. Re1+ (14. Bxf6 $5 Bxf6 15. Qxd5 $14) 14... Be6 $1 15. Ng5 ({White should play} 15. Nxd5 $11 O-O 16. Nb4 Nxb4 17. Rxb4) 15... Nxd4 $15 16. Qxd4 O-O {[%emt 0:00:47][%cal Of6e4] [#] Threatens to win with ...Ne4!} 17. Nxe6 fxe6 18. Rxe6 (18. Qd3 $11) 18... Ne4 $1 $19 19. Qxd5 (19. Re5 {is the only way for White.} Nxc3 20. Qxc3) 19... Nxc3 20. Qb3 {[%emt 0:07:21] And now Rd6+ would win.} Kh8 ({Avoid the trap} 20... Nxb1 $2 21. Re8+ Kh8 22. Rxd8 Raxd8 23. Qxb1 $19) 21. Bxa8 Nxb1 {[%emt 0:00:38] Black took control after the opening.  Weighted Error Value: White=0.47/Black=0.07 (flawless)} ({Don't blunder} 21... Qxa8 $2 22. Rf1 $19) 0-1

[Event "37th ECCC 2022"]
[Site "Mayrhofen"]
[Date "2022.10.04"]
[Round "2.67"]
[White "Maiwald, Jens-Uwe"]
[Black "Kokkila, Tero"]
[Result "1/2-1/2"]
[ECO "A06"]
[WhiteElo "2441"]
[BlackElo "2230"]
[Annotator "TA"]
[PlyCount "65"]
[EventDate "2022.10.03"]
[EventType "team-tourn"]
[EventCountry "AUT"]
[SourceTitle "playchess.com"]
[Source "ChessBase"]
[SourceQuality "1"]
[TimeControl "40/5400+30:1800+30"]

1. Nf3 d5 2. g3 g6 3. Bg2 Bg7 4. c4 c6 5. Qa4 dxc4 6. Qxc4 {[%emt 0:00:18] A11: English Opening: 1...c6.} e5 {[%emt 0:01:40] Inhibits d4.} 7. d3 Be6 8. Qc2 (8. Qb4 $5 ) 8... h6 9. O-O Nd7 10. Nbd2 (10. Rd1 $14) 10... Ne7 $11 11. Nc4 O-O 12. Bd2 Qc7 {[%emt 0:08:48] [#]} 13. b4 $146 ({Predecessor:} 13. Rfd1 Rac8 14. a4 c5 15. Rac1 Nc6 16. e3 Rfd8 17. Qb1 Nb6 18. b3 Nd5 19. Na3 {½-½ (91) Bivol,A (2393)-Ushenina,A (2440) St Petersburg 2018}) 13... Nf5 ({Black should try} 13... f5 $11) 14. Rab1 Nd6 15. Nxd6 Qxd6 16. Be3 Bd5 17. Nd2 f5 18. Bc5 Nxc5 19. bxc5 Qd7 20. Rb4 b5 {[%emt 0:04:38] [#]} (20... Rac8 $11) 21. cxb6 $1 $16 {[%emt 0:03:45] e4 is the strong threat.} axb6 22. Nc4 Bxg2 23. Kxg2 b5 {[%emt 0:00:08] And now ...c5 would win.} 24. Ne3 $2 (24. Nb6 $16 {is forced if you want to stay better.} Qb7 25. Nxa8 (25. Qb3+ $2 Kh7 $19)) 24... f4 25. Qb3+ Qf7 26. gxf4 Rxa2 (26... Qxb3 {is interesting.} 27. axb3 exf4 28. Nd1 Ra3) 27. Qxf7+ Rxf7 ({Don't play} 27... Kxf7 $6 28. Rc1 $11) 28. fxe5 Bxe5 29. Re4 Bg7 30. Ng4 c5 31. Rc1 (31. Rb1 $142 b4 32. Ne5) 31... Rf5 (31... b4 $17 {White must now prevent ...b3.} 32. Rb1 Rb7) 32. h4 Kh7 (32... b4 $15 33. Ne3 Rf7 34. Rxc5 Rxe2 35. Rxb4 Rexf2+ 36. Kg1 Re2) 33. Re7 {[%emt 0:00:42] Weighted Error Value: White=0.19 (very precise) /Black=0.22 (precise)} 1/2-1/2

[Event "37th ECCC 2022"]
[Site "Mayrhofen"]
[Date "2022.10.04"]
[Round "2.67"]
[White "Abel, Dennes"]
[Black "Luukkonen, Tommi"]
[Result "*"]
[WhiteElo "2416"]
[BlackElo "2250"]
[Annotator "TA"]
[PlyCount "19"]
[EventDate "2022.10.03"]
[EventType "team-tourn"]
[EventCountry "AUT"]
[SourceTitle "playchess.com"]
[Source "ChessBase"]
[SourceQuality "1"]
[TimeControl "40/5400+30:1800+30"]

1. Nf3 d5 2. g3 g6 3. Bg2 Bg7 4. c4 c6 5. Qa4 dxc4 6. Qxc4 {[%emt 0:00:18] A11: English Opening: 1...c6.} e5 7. d3 Be6 8. Qc2 (8. Qb4 $5 ) 8... h6 9. O-O {[%emt 0:01:36] [#]} Nd7 $146 ({Predecessor:} 9... Ne7 10. Nbd2 O-O 11. Nc4 Nd7 12. Bd2 Qc7 13. Rfd1 Rac8 14. a4 c5 15. Rac1 Nc6 {½-½ (91) Bivol,A (2393)-Ushenina,A (2440) St Petersburg 2018}) 10. Nbd2 {[%emt 0:03:05] Not much happened in this game.  Weighted Error Value: White=0.14 (very precise) /Black=0.13 (very precise)} *

[Event "37th ECCC 2022"]
[Site "Mayrhofen"]
[Date "2022.10.04"]
[Round "2.68"]
[White "Salo, Heikki"]
[Black "Hausner, Ivan"]
[Result "0-1"]
[ECO "A41"]
[WhiteElo "2248"]
[BlackElo "2266"]
[Annotator "TA"]
[PlyCount "54"]
[EventDate "2022.10.03"]
[EventType "team-tourn"]
[EventCountry "AUT"]
[SourceTitle "playchess.com"]
[Source "ChessBase"]
[SourceQuality "1"]
[TimeControl "40/5400+30:1800+30"]

1. d4 d6 2. Nf3 Bg4 3. c4 Nd7 4. Nc3 Ngf6 5. Qb3 Rb8 {[%emt 0:00:22] [#]} 6. h3 $146 {[%emt 0:08:24] A53: Old Indian Defence without Nf3.} ({Predecessor:} 6. g3 Bxf3 7. exf3 c5 8. d5 a6 9. Be2 g6 10. O-O Bg7 11. Bg5 O-O 12. Rfe1 Qc7 13. f4 h6 14. Bxf6 Bxf6 {½-½ (14) Ivanov,M (2396)-Drazic,S (2426) Novi Sad 2015}) 6... Bxf3 7. gxf3 (7. exf3 $14 g6 8. Be3) 7... e5 8. d5 ({Better is} 8. Be3 $14) 8... g6 9. f4 (9. h4 $11) 9... exf4 $15 10. Bxf4 Bg7 11. e3 (11. Be3 $11) 11... O-O 12. Be2 Re8 13. h4 Nc5 14. Qc2 Nfe4 15. Nxe4 Nxe4 16. Bd3 Nc5 17. Rb1 Nxd3+ 18. Qxd3 h5 19. Bg5 (19. Kf1 $15 {is superior.}) 19... Qd7 20. b3 c5 21. dxc6 Qxc6 22. Rg1 {[%emt 0:01:51] [#]} (22. O-O $11 {keeps the balance.}) 22... b5 $1 $17 {[%emt 0:02:24][%cal Bb7b5,Bb5a4,Ba4a3,Ba3a2][%mdl 32] Black is more active.} 23. Rc1 Rbc8 ({Black should play} 23... Qa6 $17 24. Bf4 Rbc8) 24. Ke2 $11 Qa6 25. a4 ({White should try} 25. cxb5 $15 Qxa2+ 26. Kf3) 25... bxa4 $17 26. b4 (26. c5 $17 Qxd3+ 27. Kxd3) 26... a3 $19 {[%emt 0:00:28] [#] Threatens to win with ...a2.} 27. Rgd1 (27. f4 $142 Bb2 28. Rc2) 27... a2 {[%emt 0:00:16] Weighted Error Value: White=0.63/Black=0.12 (very precise)} 0-1

[Event "37th ECCC 2022"]
[Site "Mayrhofen"]
[Date "2022.10.04"]
[Round "2.68"]
[White "Nevanlinna, Risto"]
[Black "Kristoferitsch, Daniel"]
[Result "*"]
[WhiteElo "2234"]
[BlackElo "2283"]
[Annotator "TA"]
[PlyCount "14"]
[EventDate "2022.10.03"]
[EventType "team-tourn"]
[EventCountry "AUT"]
[SourceTitle "playchess.com"]
[Source "ChessBase"]
[SourceQuality "1"]
[TimeControl "40/5400+30:1800+30"]

1. d4 d6 2. Nf3 Bg4 3. c4 Nd7 4. Nc3 Ngf6 5. Qb3 Rb8 {[%emt 0:00:22] [#]} 6. h3 $146 {[%emt 0:08:24] A53: Old Indian Defence without Nf3.} ({Predecessor:} 6. g3 Bxf3 7. exf3 c5 8. d5 a6 9. Be2 g6 10. O-O Bg7 11. Bg5 O-O 12. Rfe1 Qc7 13. f4 h6 14. Bxf6 Bxf6 {½-½ (14) Ivanov,M (2396)-Drazic,S (2426) Novi Sad 2015}) 6... Bxf3 7. gxf3 e5 {[%emt 0:00:56] Weighted Error Value: White=0.24 (precise) /Black=0.00 (flawless)} *